 Dungeon Crawl Stone Soup version 0.20-a0-61-ga1b20b4 (webtiles) character file.

503478 KristoblXynda the Tortoise (level 23, -1/198 HPs)
             Began as a Deep Dwarf Fighter on Nov 17, 2016.
             Was the Champion of Makhleb.
             Splashed by an acid blob's acid (2 damage)
             ... on level 5 of the Pits of Slime.
             The game lasted 02:43:38 (46646 turns).

KristoblXynda the Tortoise (Deep Dwarf Fighter)    Turns: 46646, Time: 02:43:38

Health: -1/198     AC: 32    Str: 28      XL:     23   Next: 80%
Magic:  36/36      EV: 13    Int: 20 (21) God:    Makhleb [******]
Gold:   3905       SH: 16    Dex: 15      Spells: 3 memorised, 27 levels left

rFire  + + +     SeeInvis +     H - +8 broad axe (protect)
rCold  + . .     Gourm    .     a - +1 gold dragon scales
rNeg   + + +     Faith    .     c - +1 shield
rPois  +         Spirit   .     h - -2 hat of the Alchemist {rElec rPois rF+ rC+ rN+ MR+ rMut rCorr}
rElec  +         Reflect  .     E - +2 cloak
rCorr  +         Harm     .     d - +2 pair of gloves {Str+3}
rMut   +         Rnd*Rage +     v - +2 pair of boots {Stlth+}
MR     ++++.                    w - amulet "Fuceqafi" {Inacc rElec rN+++ Str-5 Dex+5}
Stlth  ..........               r - ring of Jezat {rF+ rC- rN+ Str+4 Int+3 SInv}
                                K - ring of Doubts {rPois Str+5 Dex-4 Slay+4 SInv}

@: corroded, protection aura, non-regenerating
A: damage resistance, recharge devices, claws 1, rugged brown scales 1, agile 1,
berserk 1, clever 1, deformed body, deterioration 2, frail 1, negative energy
resistance 1, sense surroundings 3, slow regeneration 3, weak 1, wild magic 1
a: Device Recharging, Minor Destruction, Lesser Servant of Makhleb, Major
Destruction, Greater Servant of Makhleb, Renounce Religion
}: 3/15 runes: decaying, silver, gossamer


You were on level 5 of the Pits of Slime.
You worshipped Makhleb.
Makhleb was exalted by your worship.
You were not hungry.

You visited 11 branches of the dungeon, and saw 48 of its levels.
You visited the Abyss 1 time.
You also visited: Labyrinth, Sewer, Ice Cave and Wizlab.

You collected 6805 gold pieces.
You spent 2900 gold pieces at shops.

Inventory:

Hand Weapons
 H - a +8 broad axe of protection (weapon)
 L - a +3 broad axe of holy wrath
Missiles
 P - 2 throwing nets (quivered)
Armour
 a - +1 gold dragon scales (worn)
 c - a +1 shield (worn)
 d - a +2 pair of gloves of strength (worn)
 h - the -2 hat of the Alchemist (worn) {rElec rPois rF+ rC+ rN+ MR+ rMut rCorr}
   (You found it in a wizard's laboratory)

   It protects you from fire.
   It protects you from cold.
   It insulates you from electricity.
   It protects you from poison.
   It protects you from negative energy.
   It affects your resistance to hostile enchantments.
   It protects you from acid and corrosion.
   It protects you from mutation.
 v - a +2 pair of boots of stealth (worn)
 E - a +2 cloak (worn)
 R - the +0 pair of gloves of the Stag {rC+ Int+7}
   (You found it on level 1 of the Depths)

   It affects your intelligence (+7).
   It protects you from cold.
Rods
 n - a +4 iron rod (12/12)
   (You found it in a labyrinth)
Jewellery
 r - the ring of Jezat (right hand) {rF+ rC- rN+ Str+4 Int+3 SInv}
   (You took it off a deep elf mage on level 3 of the Elven Halls)

   [ring of see invisible]

   It affects your strength (+4).
   It affects your intelligence (+3).
   It protects you from fire.
   It makes you vulnerable to cold.
   It protects you from negative energy.
   It lets you see invisible.
 w - the amulet "Fuceqafi" (around neck) {Inacc rElec rN+++ Str-5 Dex+5}
   (You found it on level 3 of the Elven Halls)

   [amulet of inaccuracy]

   It reduces the accuracy of all your attacks.
   It affects your strength (-5).
   It affects your dexterity (+5).
   It insulates you from electricity.
   It renders you almost immune to negative energy.
 K - the ring of Doubts (left hand) {rPois Str+5 Dex-4 Slay+4 SInv}
   (You took it off an orc on level 8 of the Dungeon)

   [ring of strength]

   It affects your strength (+5).
   It affects your dexterity (-4).
   It affects your accuracy and damage with ranged weapons and melee attacks
   (+4).
   It protects you from poison.
   It lets you see invisible.
Wands
 e - a wand of heal wounds (0/9)
 i - a wand of teleportation (0/9)
 l - a wand of digging (13/24)
Scrolls
 j - 5 scrolls of immolation
 u - 8 scrolls of teleportation
 x - 5 scrolls of summoning
Potions
 g - 4 potions of flight
 o - a potion of brilliance
 z - 2 potions of ambrosia
 F - 2 potions of heal wounds
 G - a potion of might
 M - a potion of invisibility
Miscellaneous
 b - a lamp of fire
 I - a sack of spiders
 Q - a disc of storms
 S - a phial of floods
 U - a fan of gales (inert)
Comestibles
 f - 22 bread rations
 V - 4 meat rations


   Skills:
 + Level 14.0 Fighting
 - Level 20.3 Axes
 + Level 20.9 Armour
 + Level 10.6 Dodging
 - Level 15.1 Shields
 - Level 7.4 Spellcasting
 - Level 8.4 Charms
 - Level 10.5 Air Magic
 + Level 11.4 Earth Magic
 - Level 11.7 Invocations
 - Level 18.5 Evocations


You had 27 spell levels left.
You knew the following spells:

 Your Spells              Type           Power        Failure   Level  Hunger
a - Repel Missiles        Chrm/Air       ######       6%          2    None
b - Blink                 Tloc           N/A          99%         2    None
c - Lee's Rapid Deconstr  Erth           ######....   36%         5    #####..


Dungeon Overview and Level Annotations

Branches:
Dungeon (15/15)            Temple (1/1) D:7            Lair (6/6) D:9
  Swamp (4/4) Lair:2       Spider (4/4) Lair:2        Slime (5/5) Lair:5
    Orc (2/2) D:11            Elf (3/3) Orc:2        Vaults (5/5) D:13
  Crypt (0/3) Vaults:2     Depths (2/5) D:15           Hell (1/1)
    Dis: Hell:1         Geh: Hell:1         Coc: Hell:1         Tar: Hell:1

Altars:
Ashenzari
Cheibriados
Dithmenos
Elyvilon
Fedhas
Gozag
Hepliaklqana
Kikubaaqudgha
Makhleb
Nemelex Xobeh
Okawaru
Qazlal
Ru
Sif Muna
Trog
Uskayaw
Vehumet
Xom
Yredelemnul
Zin
The Shining One
Jiyva

Shops:
D:9 [   D:10 =   D:14 *   D:15 !   Orc:2 }}(!   Elf:1 =   Vaults:1 (
Vaults:2 %   Vaults:3 :!*:!   Depths:1 *

Portals:
Hell: Depths:1
Trove: Elf:1 (give horn of Geryon)

Annotations:
D:8 exclusion: ice statue
Slime:4 Dissolution
Hell Geryon


Innate Abilities, Weirdness & Mutations

You are resistant to damage.
You can recharge devices by infusing magical energy.
You resist negative energy. (rN+)
You passively map a large area around you.
You do not regenerate.
You have sharp fingernails.
You are partially covered in rugged brown scales. (AC +1, +3% HP)
You are agile. (Dex +2)
You tend to lose your temper in combat.
Your mind is acute. (Int +2)
Armour fits poorly on your strangely shaped body.
Your body often deteriorates upon taking damage.
You are frail. (-10% HP)
You are weak. (Str -2)
Your spells are a little harder to cast, but a little more powerful.


Message History

Your hands burn!
The acid blob is lightly wounded.
The acid blob hits you but does no damage.
You hit the acid blob.
Your hands burn!
The acid blob is lightly wounded.
You slash the acid blob!
Your hands burn!
The acid blob is moderately wounded.
The acid blob hits you but does no damage.
You slash the acid blob!
Your hands burn!
The acid blob is heavily wounded.
The acid blob spits acid at you. The splash of acid hits you! You resist.
You are splashed with acid!
The acid burns!
You resist.
* * * LOW HITPOINT WARNING * * *
You completely miss the acid blob.
The acid blob is heavily wounded.
The acid blob hits you!!
* * * LOW HITPOINT WARNING * * *
You are splashed with acid!
The acid burns!
You resist.
You die...

##...#### ###
#...##..#####.####
........##.......##
..................##
...........^.......##
....................#
....................#
....................#
................@...###
................J.<...# *
........................#,
..........................*
..........................
*
..........................,
*
..........................
..........................,
*
..........................
,*


You could see an acid blob.

Vanquished Creatures
  the Royal Jelly (Slime:5)
  Saint Roka (Vaults:4)
  3 golden dragons (Vaults:5)
  A mutant beast (WizLab)
  A bone dragon (Swamp:4)
  Jorgrun (Vaults:4)
  A lich (Depths:2)
  Rupert (Lair:3)
  3 tentacled monstrosities
  6 titans (Vaults:5)
  A deep elf master archer (Elf:3)
  7 acid blobs
  2 deep elf blademasters (Elf:3)
  A sphinx (Depths:1)
  2 quicksilver dragons (Vaults:5)
  3 shadow dragons
  Agnes (Elf:1)
  5 storm dragons
  5 tengu reavers
  A thorn hunter (Swamp:2)
  2 deep elf sorcerers
  8 fire giants
  3 frost giants
  5 azure jellies
  An iron dragon (Vaults:5)
  16 vault wardens
  3 ghost moths (Spider:4)
  Louise (Elf:1)
  A balrug (Depths:1)
  The ghost of Soeti the Grappler, a journeyman TrMo of Cheibriados (Orc:1)
  5 deep elf elementalists
  14 very ugly things
  2 spriggan defenders (Depths:1)
  3 emperor scorpions (Spider:4)
  A war gargoyle (Vaults:5)
  25 stone giants
  13 ironheart preservers
  A vampire knight (Depths:1)
  10 deep elf annihilators
  10 deep elf demonologists
  4 spark wasps
  An ettin (shapeshifter) (Vaults:5)
  14 ettins
  13 deep elf death magi
  A minotaur (Lab)
  9 fire dragons
  4 death oozes (Slime:5)
  12 ogre magi
  12 yaktaur captains
  The ghost of sveltemanboy the Cleaver, a journeyman DsSk of Okawaru (D:12)
  The ghost of Nuatha the Peltast, a journeyman OpFi of Gozag (Lair:1)
  7 ice dragons
  Harold (D:11)
  5 deep elf high priests (Elf:3)
  6 hydras
  A rakshasa (Vaults:2)
  27 vault guards
  9 great orbs of eyes
  2 spriggan air magi (Depths:1)
  9 centaur warriors
  2 ghost crabs
  A catoblepas (Lair:6)
  7 alligators
  30 dancing weapons
  8 deep troll shamans (Depths:1)
  6 death knights
  3 tengu warriors (D:14)
  3 deep troll earth magi
  2 death yaks (Lair:2)
  A spriggan berserker (Depths:1)
  A vampire mage (Depths:1)
  An orc high priest (Orc:2)
  26 deep elf knights
  2 shadow wraiths (Vaults:3)
  An iron troll (Depths:1)
  6 skeletal warriors
  Sonja (D:13)
  An iron golem (WizLab)
  2 unseen horrors (shapeshifter) (WizLab)
  16 deep trolls
  4 glowing orange brains
  5 hell knights
  3 unseen horrors
  A storm dragon skeleton (Vaults:3)
  2 flayed ghosts
  3 spriggan druids
  14 deep elf archers
  A glowing orange brain (shapeshifter) (WizLab)
  A spectral hydra (Swamp:4)
  2 shambling mangroves
  6 phantasmal warriors
  9 swamp dragons
  2 lindwurms (shapeshifter)
  4 wizards
  11 ironbrand convokers
  6 harpies
  An orange crystal statue (Elf:1)
  7 hill giants
  2 necromancers
  11 orc knights
  2 orb spiders (shapeshifter)
  12 orc sorcerers
  29 wolf spiders
  73 deep elf magi
  2 fauns (shapeshifter)
  5 cyclopes
  15 orb spiders
  3 shining eyes
  3 salamanders
  38 ugly things
  2 moths of wrath (Spider:2)
  16 vault sentinels
  Joseph (D:8)
  A guardian serpent (Lair:6)
  A guardian serpent (shapeshifter) (Vaults:1)
  An eye of devastation (Slime:5)
  5 ice statues
  8 black mambas
  3 black mambas (shapeshifter)
  A gargoyle (D:11)
  18 spiny frogs
  A torpor snail (Lair:5)
  40 yaktaurs
  A storm dragon simulacrum (Vaults:3)
  2 komodo dragons (shapeshifter)
  11 komodo dragons
  9 demonic crawlers
  5 rime drakes
  A rime drake (shapeshifter) (WizLab)
  An efreet (D:15)
  2 anaconda simulacra (IceCv)
  3 hydra zombies (Swamp:4)
  11 trolls
  9 freezing wraiths
  31 jumping spiders
  A jumping spider (shapeshifter) (WizLab)
  2 trolls (shapeshifter)
  A queen bee (Lair:2)
  2 meliai (D:14)
  A tengu conjurer (D:14)
  3 hornets (shapeshifter) (WizLab)
  23 two-headed ogres
  6 tyrant leeches
  2 spectral swamp dragons (Swamp:4)
  3 wind drakes (shapeshifter) (WizLab)
  11 bog bodies
  21 hornets
  8 blink frogs
  7 large abominations (WizLab)
  A fire giant simulacrum (Vaults:3)
  80 slime creatures
  The ghost of Daviar the Conjurer, an amateur DsFE (D:3)
  A dream sheep (shapeshifter) (Vaults:2)
  A blink frog (shapeshifter) (Vaults:1)
  A harpy skeleton (D:13)
  6 hippogriffs
  9 dream sheep (Lair:5)
  2 human simulacra (Vaults:2)
  An alligator zombie (Swamp:4)
  A spriggan (shapeshifter) (Elf:3)
  4 air elementals
  A tarantella (shapeshifter) (Vaults:3)
  4 water elementals
  74 redbacks
  6 small abominations (WizLab)
  3 hogs (shapeshifter)
  A human (shapeshifter) (WizLab)
  A shadow (D:13)
  34 tarantellas
  3 hippogriffs (shapeshifter)
  7 spriggans
  15 yaks
  7 wraiths
  14 wyverns
  4 fire elementals
  2 hill giant zombies (D:11)
  2 vampires
  Eustachio (D:6)
  A human (D:7)
  34 vampire mosquitoes
  8 basilisks
  2 hogs (D:7)
  5 hungry ghosts
  3 iron troll simulacra (IceCv)
  A harpy simulacrum (IceCv)
  A warg (shapeshifter) (WizLab)
  A naga (shapeshifter) (Vaults:2)
  4 wargs
  Menkaure (D:4)
  2 mottled dragons
  22 insubstantial wisps
  A soldier ant (D:12)
  14 swamp worms
  2 soldier ants (shapeshifter)
  22 water moccasins
  10 porcupines
  2 hydra simulacra (IceCv)
  41 orc warriors
  4 floating eyes (WizLab)
  A meliai simulacrum (D:14)
  7 phantoms
  5 swamp drakes
  4 sky beasts
  10 ice beasts
  3 black bears
  An ettin simulacrum (IceCv)
  3 eyes of draining (shapeshifter)
  2 black bears (shapeshifter)
  3 necrophages
  14 wolves
  A tengu (shapeshifter) (WizLab)
  4 swamp dragon zombies (Swamp:4)
  12 boggarts
  52 ogres
  27 centaurs
  11 crocodiles
  3 big kobolds
  14 bullfrogs
  5 earth elementals
  6 scorpions
  38 killer bees
  2 troll zombies (D:11)
  7 wights
  13 howler monkeys
  3 electric eels
  3 crimson imps
  A wyvern simulacrum (D:14)
  6 centaur zombies
  4 jellies
  26 orc priests
  7 hounds
  2 centaur skeletons
  A bullfrog skeleton (D:6)
  Terence (D:3)
  6 iguanas
  A spectral swamp drake (Swamp:4)
  43 orc wizards
  11 worker ants
  A killer bee zombie (D:9)
  4 ogre zombies (D:11)
  2 hound skeletons
  Robin (D:3)
  15 gnolls
  A howler monkey skeleton (D:9)
  12 adders
  9 river rats (Sewer)
  4 swamp drake zombies (Swamp:4)
  4 shadow imps
  An ooze (D:4)
  An adder skeleton (D:4)
  An adder zombie (D:8)
  4 worms (D:2)
  2 dart slugs
  4 leopard geckos
  126 orcs
  8 giant cockroaches
  12 goblins
  8 hobgoblins
  5 jackals
  7 quokkas
  5 ball pythons
  A ball python skeleton (D:4)
  2 frilled lizards
  A goblin zombie (D:11)
  23 kobolds
  A leopard gecko zombie (D:3)
  5 orc skeletons (D:11)
  19 orc zombies (D:11)
  A quokka skeleton (D:9)
  A quokka zombie (D:8)
  23 rats
  2 briar patches (Swamp:2)
  A bush (Lair:2)
  4 crawling corpses (Elf:3)
  8 fungi
  16 plants
2159 creatures vanquished.

Vanquished Creatures (collateral kills)
  An acid blob (Slime:5)
  A shadow dragon (Vaults:5)
  An azure jelly (Slime:5)
  2 vault wardens (Vaults:5)
  A stone giant (Vaults:5)
  A great orb of eyes (Depths:2)
  A vault guard (D:13)
  4 hydras
  A hell knight (Vaults:5)
  A deep elf archer (Vaults:5)
  An ironbrand convoker (Vaults:5)
  A freezing wraith (Vaults:5)
  6 slime creatures
  A redback (Lair:6)
  A water moccasin (Lair:6)
  An orc warrior (Vaults:5)
  An orc wizard (Vaults:5)
  An orc (Vaults:5)
27 creatures vanquished.

Vanquished Creatures (others)
  3 deep elf magi
  A wolf spider (Spider:3)
  An ice statue (IceCv)
  A vault sentinel (Vaults:1)
  A jumping spider (Spider:2)
  A slime creature (Swamp:4)
  A tarantella (Spider:4)
  2 redbacks (Spider:2)
  A vampire mosquito (Swamp:1)
  A centaur (D:11)
  An orc wizard (Vaults:5)
  10 fungi
  13 plants
37 creatures vanquished.

Grand Total: 2223 creatures vanquished

Notes
Turn   | Place    | Note
-------+----------+-------------------------------------------
     0 | D:1      | KristoblXynda the Deep Dwarf Fighter began the quest for the Orb.
     0 | D:1      | Reached XP level 1. HP: 20/20 MP: 1/1
   235 | D:1      | Reached XP level 2. HP: 25/27 MP: 2/2
   752 | D:2      | Reached XP level 3. HP: 31/33 MP: 3/3
   820 | D:2      | Reached XP level 4. HP: 29/40 MP: 4/4
  1006 | D:2      | Found a faded altar of an unknown god.
  1572 | D:3      | Noticed Daviar's ghost (amateur DsFE)
  1582 | D:3      | Killed Daviar's ghost
  1582 | D:3      | Reached skill level 5 in Armour
  1582 | D:3      | Reached skill level 5 in Shields
  1582 | D:3      | Reached XP level 5. HP: 33/46 MP: 5/5
  1582 | D:3      | Reached XP level 6. HP: 40/55 MP: 6/6
  1720 | D:3      | Noticed Terence
  1730 | D:3      | Killed Terence
  1818 | D:3      | Noticed Robin
  1839 | D:3      | Killed Robin
  2168 | D:4      | Noticed Menkaure
  2177 | D:4      | Killed Menkaure
  2177 | D:4      | Reached skill level 5 in Axes
  2177 | D:4      | Reached XP level 7. HP: 40/61 MP: 7/7
  2775 | D:5      | Entered Level 5 of the Dungeon
  3148 | D:5      | Found a glowing drain.
  3177 | Sewer    | Entered a sewer
  3415 | Sewer    | Reached XP level 8. HP: 26/68 MP: 8/8
  3803 | D:5      | Found a sacrificial altar of Ru.
  4072 | D:6      | Noticed a hippogriff
  4135 | D:6      | Killed a hippogriff
  4690 | D:6      | Noticed a hippogriff
  4695 | D:6      | Killed a hippogriff
  4761 | D:6      | Gained mutation: You passively map the area around you. [Deep Dwarf growth]
  4761 | D:6      | Reached XP level 9. HP: 23/74 MP: 9/9
  4944 | D:6      | Noticed Eustachio
  4946 | D:6      | HP: 3/74 [Eustachio/falchion of electrocution (17)]
  4982 | D:6      | Killed Eustachio
  5687 | D:7      | Found a shattered altar of Ashenzari.
  5978 | D:7      | Found a staircase to the Ecumenical Temple.
  5983 | Temple   | Entered the Ecumenical Temple
  6269 | D:8      | Found a radiant altar of Vehumet.
  6430 | D:8      | Reached XP level 10. HP: 34/81 MP: 10/10
  6504 | D:8      | Noticed an ice statue
  6537 | D:8      | Found a sparkling altar of Nemelex Xobeh.
  6702 | D:8      | Noticed Joseph
  6731 | D:8      | Killed Joseph
  6731 | D:8      | Reached skill level 10 in Armour
  6738 | D:8      | Reached skill level 10 in Shields
  6755 | D:8      | Found a blossoming altar of Fedhas.
  6789 | D:8      | Got a fine copper ring
  6797 | D:8      | Found a burning altar of Makhleb.
  6819 | D:8      | Became a worshipper of Makhleb the Destroyer
  7636 | D:9      | Reached skill level 10 in Axes
  7642 | D:9      | Reached skill level 1 in Evocations
  7684 | D:9      | Gained mutation: You have sharp fingernails. [mutagenic meat]
  7685 | D:9      | Gained mutation: You are agile. (Dex +2) [mutagenic meat]
  7686 | D:9      | Gained mutation: You have supernaturally acute eyesight. (SInv) [mutagenic meat]
  7790 | D:9      | Reached * piety under Makhleb
  7827 | D:9      | Found Jalyud's Armour Shoppe.
  7834 | D:9      | Bought a +1 pair of gloves of strength for 214 gold pieces
  7878 | D:9      | Found a staircase to the Lair.
  8194 | D:9      | Reached skill level 1 in Invocations
  8454 | D:9      | Found a bloodstained altar of Trog.
  8503 | D:10     | Entered Level 10 of the Dungeon
  8947 | D:10     | Found Xateasch's Jewellery Emporium.
  8970 | D:10     | Identified the ring of Doubts {rPois Str+5 Dex-4 Slay+4 SInv} (You took it off an orc on level 8 of the Dungeon)
  9045 | D:10     | Reached ** piety under Makhleb
  9063 | D:10     | Reached XP level 11. HP: 22/88 MP: 14/14
  9649 | D:11     | Noticed Harold
  9651 | D:11     | Noticed a hill giant
  9658 | D:11     | Found a staircase to the Orcish Mines.
  9680 | D:11     | Reached *** piety under Makhleb
  9681 | D:11     | Reached skill level 5 in Invocations
  9754 | D:11     | Noticed a hill giant
  9762 | D:11     | Killed a hill giant
  9930 | D:11     | Killed Harold
 10051 | D:11     | Killed a hill giant
 10181 | D:11     | Noticed a green ugly thing
 10181 | D:11     | Noticed a green ugly thing
 10256 | D:11     | Reached **** piety under Makhleb
 10371 | D:12     | Noticed a deep elf mage
 10377 | D:12     | Killed a white ugly thing
 10385 | D:12     | Killed a deep elf mage
 10505 | D:12     | Noticed a hill giant
 10516 | D:12     | Killed a hill giant
 10672 | D:12     | Noticed sveltemanboy's ghost (journeyman DsSk)
 10699 | D:12     | Killed sveltemanboy's ghost
 10785 | D:12     | Noticed an unseen horror
 10803 | D:12     | Killed an unseen horror
 10803 | D:12     | Reached XP level 12. HP: 91/96 MP: 15/15
 11417 | D:13     | Noticed Sonja
 11420 | D:13     | Noticed a seven-headed hydra
 11984 | Lair:1   | Entered Level 1 of the Lair of Beasts
 11984 | Lair:1   | Found a sparkling altar of Nemelex Xobeh.
 11984 | Lair:1   | Noticed Nuatha's ghost (journeyman OpFi)
 12010 | Lair:1   | Killed Nuatha's ghost
 12028 | Lair:1   | Reached ***** piety under Makhleb
 12214 | Lair:1   | Learned a level 2 spell: Repel Missiles
 12528 | Lair:2   | Gained mutation: Your spells are a little harder to cast, but a little more powerful. [potion of beneficial mutation]
 12698 | Lair:2   | Found a hole to the Spider Nest.
 12849 | Lair:2   | Noticed a six-headed hydra
 12854 | Lair:2   | Killed a six-headed hydra
 12864 | Lair:2   | Noticed a seven-headed hydra
 12886 | Lair:2   | Noticed an Executioner
 12932 | Lair:2   | Killed a 12-headed hydra
 13083 | Lair:2   | Found a staircase to the Swamp.
 13489 | Lair:3   | Noticed a death yak
 13489 | Lair:3   | Noticed a death yak
 13489 | Lair:3   | Noticed Rupert
 13523 | Lair:2   | Killed a death yak
 13523 | Lair:2   | Reached XP level 13. HP: 37/102 MP: 19/19
 13782 | Lair:3   | Killed Rupert
 14278 | Lair:4   | Reached skill level 15 in Shields
 15123 | Lair:5   | Found a labyrinth entrance.
 15133 | Lab      | Entered a labyrinth
 15845 | Lab      | Noticed a minotaur
 15853 | Lab      | Killed a minotaur
 15853 | Lab      | Reached skill level 15 in Axes
 15853 | Lab      | Reached skill level 10 in Invocations
 15867 | Lab      | Identified the Compendium of Feathers and Beguiling
 15867 | Lab      | Identified the Incunabulum of Aid and the Escort
 15869 | Lab      | Got a steaming chain mail
 15902 | Lab      | Identified the cursed +1 chain mail of Parts Unknown {MR++} (You found it in a labyrinth)
 16362 | Lair:5   | Found a staircase to the Slime Pits.
 16363 | Lair:5   | Found a viscous altar of Jiyva.
 16769 | Lair:6   | Entered Level 6 of the Lair of Beasts
 17172 | Lair:6   | Gained mutation: You resist negative energy. (rN+) [Deep Dwarf growth]
 17172 | Lair:6   | Reached XP level 14. HP: 105/109 MP: 21/21
 17892 | Lair:6   | Identified a +2 rod of ignition (10/10) (You took it off a minotaur in a labyrinth)
 18571 | Orc:1    | Entered Level 1 of the Orcish Mines
 18728 | Orc:1    | Noticed Soeti's ghost (journeyman TrMo)
 18760 | Orc:1    | Killed Soeti's ghost
 18929 | Orc:2    | Entered Level 2 of the Orcish Mines
 20050 | Orc:2    | Found a staircase to the Elven Halls.
 20058 | Elf:1    | Entered Level 1 of the Elven Halls
 20119 | Orc:2    | Reached skill level 5 in Fighting
 20133 | Orc:2    | Reached ****** piety under Makhleb
 20143 | Orc:2    | Found Juow's Gadget Shoppe.
 20148 | Orc:2    | Found Xiostiv's Distillery.
 20152 | Orc:2    | Found Tadway's Weapon Emporium.
 20161 | Orc:2    | Found Utog Lao's Gadget Shoppe.
 20176 | Orc:2    | Bought a lamp of fire for 440 gold pieces
 20873 | D:13     | Killed Sonja
 21076 | D:13     | Got a bloodstained chain mail
 21087 | D:13     | Identified the +2 chain mail "Dopigrio" {rF+ Regen+} (You found it on level 13 of the Dungeon)
 21734 | D:13     | Found a gate to the Vaults.
 21839 | D:14     | Reached XP level 15. HP: 120/129 MP: 22/22
 22384 | D:14     | Found Xoni's Assorted Antiques.
 22390 | D:14     | Bought a scroll of remove curse for 66 gold pieces
 22390 | D:14     | Bought a scorched whip for 165 gold pieces
 22390 | D:14     | Bought a scroll of identify for 44 gold pieces
 22390 | D:14     | Bought a scroll of enchant armour for 165 gold pieces
 22390 | D:14     | Identified the +4 whip of Expedience {slash, MP+9} (You bought it in a shop on level 14 of the Dungeon)
 22491 | D:15     | Entered Level 15 of the Dungeon
 22620 | D:15     | Found a staircase to the Depths.
 22705 | D:15     | Found Wudyngom's Distillery.
 22738 | D:15     | Bought a potion of heal wounds for 60 gold pieces
 23129 | Depths:1 | Entered Level 1 of the Depths
 23138 | Depths:1 | Found Raod's Demolitions Depot.
 23224 | Depths:1 | Bought 4 exploding large rocks for 106 gold pieces
 23408 | Spider:1 | Entered Level 1 of the Spider Nest
 23656 | Spider:1 | Reached skill level 1 in Air Magic
 23872 | Spider:1 | Reached skill level 15 in Armour
 25043 | Spider:3 | Reached XP level 16. HP: 129/144 MP: 24/24
 25700 | Spider:4 | Entered Level 4 of the Spider Nest
 25835 | Spider:4 | Reached skill level 10 in Fighting
 25973 | Spider:4 | Reached skill level 1 in Dodging
 25977 | Spider:4 | Reached skill level 1 in Charms
 25977 | Spider:4 | Reached skill level 5 in Air Magic
 26237 | Spider:4 | Got a gossamer rune of Zot
 26497 | Swamp:1  | Entered Level 1 of the Swamp
 26648 | Swamp:1  | Reached skill level 5 in Dodging
 27549 | Swamp:2  | Reached XP level 17. HP: 153/153 MP: 25/25
 27569 | Swamp:2  | Reached skill level 5 in Charms
 28075 | Swamp:3  | Noticed a tentacled monstrosity
 28093 | Swamp:3  | Killed a tentacled monstrosity
 28849 | Swamp:4  | Entered Level 4 of the Swamp
 29452 | Swamp:4  | Noticed a bone dragon
 29475 | Swamp:4  | Killed a bone dragon
 29560 | Swamp:4  | Got a decaying rune of Zot
 30217 | Vaults:1 | Entered Level 1 of the Vaults
 30902 | Vaults:1 | Found Piluqyxt's Weapon Boutique.
 31380 | Vaults:1 | Gained mutation: You passively map a large area around you. [Deep Dwarf growth]
 31380 | Vaults:1 | Reached XP level 18. HP: 128/160 MP: 26/26
 31388 | Vaults:1 | Reached skill level 10 in Dodging
 31388 | Vaults:1 | Reached skill level 1 in Spellcasting
 32050 | Vaults:2 | Found a staircase to the Crypt.
 32061 | Vaults:2 | Reached skill level 5 in Evocations
 32186 | Vaults:2 | Found Uxkynas's Food Shop.
 32214 | Vaults:2 | Gained mutation: Your body sometimes deteriorates upon taking damage. [a shining eye]
 32284 | Vaults:2 | Noticed a Hell Sentinel
 33102 | Vaults:3 | Found Oraosaar's Distillery.
 33159 | Vaults:3 | Reached skill level 5 in Spellcasting
 33175 | Vaults:3 | Lost mutation: You have supernaturally acute eyesight. (SInv) [a neqoxec]
 33183 | Vaults:3 | Gained mutation: Your body often deteriorates upon taking damage. [a neqoxec]
 33307 | Vaults:3 | Found a magical portal.
 33330 | WizLab   | Entered Cigotuvi's Fleshworks
 33461 | WizLab   | Identified the Papyrus of Changing
 33464 | WizLab   | Identified Cigotuvi's Tome of Unholy Changing
 33467 | WizLab   | Identified the Disquisition on Changing
 33812 | WizLab   | Paralysed by a floating eye for 3 turns
 33817 | WizLab   | Reached XP level 19. HP: 116/168 MP: 28/28
 33819 | WizLab   | Paralysed by a floating eye for 2 turns
 33828 | WizLab   | Paralysed by a floating eye for 2 turns
 33853 | WizLab   | Reached skill level 10 in Evocations
 34225 | Vaults:3 | Found Berasorph's Book Shop.
 34621 | Vaults:3 | Found Mafasteba's Distillery.
 34630 | Vaults:3 | Bought a potion of curing for 36 gold pieces
 34630 | Vaults:3 | Bought a potion of heal wounds for 60 gold pieces
 34630 | Vaults:3 | Bought 2 potions of might for 96 gold pieces
 34630 | Vaults:3 | Bought a potion of curing for 36 gold pieces
 34630 | Vaults:3 | Bought a potion of heal wounds for 60 gold pieces
 34630 | Vaults:3 | Bought a potion of curing for 36 gold pieces
 34836 | Vaults:3 | Found Dotuseme's Assorted Antiques.
 34841 | Vaults:3 | Found Kaipn's Book Shoppe.
 35607 | Vaults:4 | Noticed Saint Roka
 35635 | Vaults:4 | Killed Saint Roka
 35934 | Vaults:4 | Noticed Jorgrun
 35959 | Vaults:4 | Killed Jorgrun
 36176 | Vaults:4 | Reached XP level 20. HP: 176/176 MP: 31/31
 37175 | Elf:1    | Found Rekhakag's Jewellery Shoppe.
 37191 | Elf:1    | Bought the ring of Osubrak {rPois MP+9 Dex+3 Stlth+} for 604 gold pieces
 37196 | Elf:1    | Bought the amulet "Girphu" {rN++ Regen+} for 712 gold pieces
 37278 | Elf:1    | Noticed Agnes
 37300 | Elf:1    | Killed Agnes
 37313 | Elf:1    | Noticed Louise
 37335 | Elf:1    | Killed Louise
 37546 | Elf:1    | Found a portal to a secret trove of treasure.
 37972 | Elf:2    | Got a transparent battleaxe
 37975 | Elf:2    | Found a runed gate.
 37975 | Elf:2    | Found a runed gate.
 37980 | Elf:2    | Identified the +6 battleaxe "Agajexzo" {elec, rElec rPois Str+4} (You found it on level 2 of the Elven Halls)
 37984 | Elf:2    | Found a runed gate.
 38172 | Elf:2    | Reached skill level 15 in Evocations
 38869 | Elf:3    | Entered Level 3 of the Elven Halls
 38953 | Elf:3    | Found a frozen archway.
 38963 | IceCv    | Entered an ice cave
 39687 | Elf:3    | Reached XP level 21. HP: 183/183 MP: 32/32
 39822 | Elf:3    | Got a clouded marble ring
 40307 | Elf:3    | Identified a scroll of acquirement
 40309 | Elf:3    | Got a scintillating platinum ring
 40311 | Elf:3    | Got a vibrating bone ring
 40401 | Elf:3    | Got a warped lead amulet
 40429 | Elf:3    | Identified the Collected Works on Scorching Hexes
 40434 | Elf:3    | Identified the amulet "Fuceqafi" {Inacc rElec rN+++ Str-5 Dex+5} (You found it on level 3 of the Elven Halls)
 40435 | Elf:3    | Identified the ring "Jedeth" {+Inv rF+ Str-4 Int+5} (You took it off a deep elf death mage on level 3 of the Elven Halls)
 40501 | Elf:3    | Identified the ring of Jezat {rF+ rC- rN+ Str+4 Int+3 SInv} (You took it off a deep elf mage on level 3 of the Elven Halls)
 40503 | Elf:3    | Identified the ring "Keugeuji" {+Fly MR+ Int+5 Slay-6 Stlth+} (You took it off a deep elf blademaster on level 3 of the Elven Halls)
 40767 | Lair:1   | Gained mutation: Your mind is acute. (Int +2) [potion of beneficial mutation]
 40768 | Lair:1   | Gained mutation: You are partially covered in rugged brown scales. (AC +1, +3% HP) [potion of beneficial mutation]
 40773 | Lair:1   | Learned a level 2 spell: Blink
 40781 | Lair:1   | Learned a level 5 spell: Lee's Rapid Deconstruction
 41085 | Vaults:5 | Entered Level 5 of the Vaults
 41090 | Vaults:5 | Noticed a golden dragon
 41110 | Vaults:5 | Killed a golden dragon
 41267 | Vaults:5 | Noticed a golden dragon
 41292 | Vaults:5 | Killed a golden dragon
 41458 | Vaults:5 | Noticed a golden dragon
 41484 | Vaults:5 | Killed a golden dragon
 41487 | Vaults:5 | Got a pitted iron ring
 41506 | Vaults:5 | Reached XP level 22. HP: 184/201 MP: 35/35
 41633 | Vaults:5 | Identified the Reference Book on Enthralling Talismans
 41749 | Vaults:5 | Got a pitted helmet
 41752 | Vaults:5 | Identified the ring "Jurot Aheeps" {rC+ MP+9} (You took it off an ironheart preserver on level 5 of the Vaults)
 41826 | Vaults:5 | Reached skill level 1 in Earth Magic
 42138 | Vaults:5 | Got a slimy bone ring
 42331 | Vaults:5 | Identified the Tome of the Lethal Rocks
 42614 | Vaults:5 | Reached skill level 5 in Earth Magic
 42783 | Vaults:5 | Got a silver rune of Zot
 43631 | Depths:1 | Cast into level 2 of the Abyss (hell knight)
 43661 | Depths:1 | Escaped the Abyss
 43797 | Depths:1 | Got a pair of spiked gloves
 43798 | Depths:1 | Identified the ring "Pem Rusi" {rF+ Int+3} (You took it off an ironbrand convoker on level 5 of the Vaults)
 43799 | Depths:1 | Identified the +0 pair of gloves of the Stag {rC+ Int+7} (You found it on level 1 of the Depths)
 44263 | Depths:1 | Reached XP level 23. HP: 190/216 MP: 36/36
 44558 | Depths:1 | Reached skill level 10 in Air Magic
 44573 | Depths:1 | Identified the Reference Book on Flames and Toxins
 44753 | Depths:1 | Found a gateway to Hell.
 45312 | Depths:2 | Noticed a juggernaut
 45314 | Depths:2 | Reached skill level 10 in Earth Magic
 45321 | Depths:2 | Found a runed door.
 45678 | Hell     | Entered the Vestibule of Hell
 45678 | Hell     | Noticed Geryon
 46073 | Slime:1  | Entered Level 1 of the Pits of Slime
 46120 | Slime:1  | Gained mutation: You are weak. (Str -2) [a shining eye]
 46125 | Slime:1  | Gained mutation: You are frail. (-10% HP) [a shining eye]
 46275 | Slime:5  | Entered Level 5 of the Pits of Slime
 46306 | Slime:5  | Gained mutation: Armour fits poorly on your strangely shaped body. [a shining eye]
 46312 | Slime:5  | Gained mutation: You tend to lose your temper in combat. [a shining eye]
 46380 | Slime:5  | Found a viscous altar of Jiyva.
 46381 | Slime:5  | Noticed the Royal Jelly
 46396 | Slime:5  | Killed the Royal Jelly
 46572 | Slime:4  | Noticed Dissolution
 46589 | Slime:5  | HP: 6/198 [acid blob (14)]
 46646 | Slime:5  | HP: 1/198 [acid blob (18)]
 46646 | Slime:5  | Splashed by an acid blob's acid

Vault maps used:
D:1:      minmay_arrival_glassed_features, minmay_crystal_water
D:2:      ecumenical_altar_2, first_bread
D:3:      uniq_robin, uniq_terence
D:4:      uniq_menkaure
D:5:      nicolae_ru_great_annihilating_truth, portal_sewer_entry_f
D:6:      kennysheep_path_1, uniq_eustachio
D:7:      ashenzari_conservatory_becter, grunt_livestock
D:8:      cheibrodos_frozen_isle, lemuel_doored_altar, nemelex_altar_shiori,
          basic_altar, fedhas_bush_and_centaur_altar, uniq_joseph
D:9:      lightli_temple_of_fire, due_lair_maze_entry_diamond, serial_shops,
          shop_fountains
D:10:     serial_shops, shop, minmay_orc_keep
D:11:     zombieorc2_lemuel, uniq_harold
D:12:     grunt_ministairs_2
D:13:     david_vaults_4, minmay_misc_feat_diagonals, uniq_sonja
D:14:     serial_shops, shop, roderic_lattice_octagonal_star,
          kennysheep_generic_room_4
D:15:     hangedman_depths_entry_try_elsewhere_first, serial_shops,
          nicolae_shop_stone, minmay_curled_crystal, special_room,
          serial_park_tiny_1, spider_trap
Temple:   regret_index_temple_sphere_string
Lair:1:   basic_altar
Lair:2:   minmay_swamp_entry_swarm, nicolae_spider_entry_tight_spaces,
          serial_bayou, serial_bayou_lake_a, serial_bayou_pond_c,
          serial_bayou_shore_b, serial_bayou_pond_a
Lair:3:   special_room, minivault_19, cheibrodos_lair_reptile_den,
          infiniplex_staircase_pool, uniq_rupert
Lair:4:   grunt_megastairs_1, infiniplex_staircase_pool_2
Lair:5:   slime_altar_1, lab_entry_generic, st_stairs_8, grunt_megastairs_5
Lair:6:   guppyfry_lair_end_dragon, hangedman_lair_tendril_chambers
Swamp:1:  evilmike_swamp_ruin_house_1
Swamp:2:  hangedman_swamp_ruin_wall, swamp_pool4
Swamp:3:  serial_swamp_ruin, evilmike_swamp_ruin_house_6,
          evilmike_swamp_ruin_house_4, evilmike_swamp_ruin_house_3, swamp_pool3
Swamp:4:  swamp_pestilence, swamp_pool3, evilmike_swamp_ruin_house_5,
          nicolae_swamp_trees_clearing, nicolae_swamp_triple_paths,
          nicolae_swamp_alligator_family
Spider:4: spider_rune_water
Slime:1:  nicolae_slime_phagocytosis
Slime:4:  uniq_dissolution
Orc:2:    st_orc_mages
Elf:1:    eino_elf_arrival_the_gate, serial_shops, shop_statue, enter_trove_0,
          minivault_28, st_stairs_13, minivault_16, sword_in_stone, uniq_agnes
Elf:2:    lemuel_elevator
Elf:3:    minmay_elf_hall_curves, portal_ice_cave_entry_ice_statue_one,
          serial_glass, glass_columns_a, glass_columns_a, glass_columns_a,
          glass_columns_a, minmay_strange_pillars
Vaults:1: v_misc_32, nicolae_vaults_little_squares_5, vaults_room_grid,
          hangedman_vaults_snaps, v_pattern_2, nicolae_vaults_network_square,
          nicolae_vaults_mini_display_case, ontoclasm_vaults_fault,
          serial_shops, shop
Vaults:2: v_misc_28, blue_anna_dwarven_crypt, v_misc_23, vaults_mumra_hexcomb,
          hangedman_vaults_restitches, hangedman_vaults_stagger, v_misc_11,
          grunt_vaults_funnel, serial_shops, shop_fountains
Vaults:3: nicolae_vaults_stairing_the_circle, nicolae_vaults_big_angled_halls,
          v_rooms_3, hangedman_vaults_corner, nicolae_vaults_halls_meeting,
          v_rooms_6, nicolae_vaults_network_s, ontoclasm_vaults_ligature,
          v_misc_18, nicolae_vaults_specimen_jars,
          nicolae_vaults_diagonal_hallway_7, grunt_vaults_focal, serial_shops,
          nicolae_shop_waterfront, nicolae_shop_temple_entry_statues_fountains,
          shop, shop, nicolae_shop_crystal, lightli_enter_wizlab_magi_temple
Vaults:4: ontoclasm_vaults_shout, vaults_room_corners, nicolae_vaults_triangles,
          v_misc_23, ontoclasm_vaults_hangar, nicolae_vaults_border_crossing,
          nicolae_vaults_little_squares_3, hangedman_vaults_pinch,
          grunt_vaults_twisty, vaults_room_boxed, grunt_vaults_hallway_short,
          ontoclasm_vaults_shuriken, uniq_jorgrun, uniq_saint_roka
Depths:1: hangedman_box_tower, pf_vacation_house_of_asmodeus,
          minmay_misc_feat_x, nicolae_blasting_shop
Depths:2: box_level_dp, abyss_entry, hell_entry
Abyss:2:  evilmike_abyss_exit_kraken
Lab:      labyrinth_spiral, nicolae_lab_diamond
Sewer:    sewer_minmay_treatment
IceCv:    ice_cave_statue_garden_chambered
WizLab:   wizlab_cigotuvi

Skill      XL: |  1  2  3  4  5  6  7  8  9 10 11 12 13 14 15 16 17 18 19 20 21 22 23 |
---------------+----------------------------------------------------------------------+-----
Axes           | 3 4 5 6 7 9 10 12 14 15 16 17 18 20 | 20.3
Armour         | 4 5 6 8 9 10 11 14 15 16 18 19 20 | 20.9
Shields        | 4 5 6 8 9 11 13 14 15 | 15.1
Evocations     | 4 9 13 15 18 | 18.5
Invocations    | 3 5 8 10 11 | 11.7
Fighting       | 7 9 10 11 13 14 | 14.0
Air Magic      | 3 6 8 9 10 | 10.5
Dodging        | 6 9 10 | 10.6
Charms         | 4 8 |  8.4
Spellcasting   | 6 7 |  7.4
Earth Magic    | 8 11 | 11.4

Action                   |  1- 3 |  4- 6 |  7- 9 | 10-12 | 13-15 | 16-18 | 19-21 | 22-24 || total
-------------------------+-------+-------+-------+-------+-------+-------+-------+-------++-------
Melee: War axe           |    24 |       |       |       |       |       |       |       ||    24
       Hand axe          |    36 |   139 |   404 |   984 |  1180 |       |       |       ||  2743
       Broad axe         |       |       |       |       |   312 |  1495 |  1484 |  1152 ||  4443
       Scimitar          |       |       |       |       |       |    23 |       |       ||    23
 Cast: Repel Missiles    |       |       |       |       |       |     1 |     6 |     4 ||    11
Invok: Greater Servant o |       |       |       |     2 |     3 |     1 |     2 |       ||     8
       Major Destruction |       |       |       |     2 |     1 |       |       |       ||     3
       Minor Destruction |       |       |       |       |     1 |       |       |       ||     1
Evoke: Wand              |       |     1 |    10 |     3 |     6 |     4 |       |    15 ||    39
       Lamp of fire      |       |       |       |       |     3 |     2 |       |     1 ||     6
       Disc of storms    |       |       |       |       |     2 |       |       |       ||     2
       Sack of spiders   |       |       |       |       |       |       |       |     5 ||     5
       Fan of gales      |       |       |       |       |       |       |       |     2 ||     2
       Box of beasts     |       |       |       |       |       |       |       |     1 ||     1
  Use: Potion            |       |     2 |     7 |    10 |     4 |    15 |     4 |    20 ||    62
       Scroll            |       |       |    24 |    15 |    18 |    13 |    12 |    17 ||    99
 Stab: Paralysed         |       |       |     1 |       |       |       |       |       ||     1
       Petrified         |       |       |       |       |     5 |       |       |       ||     5
       Distracted        |       |       |       |       |     1 |       |       |     4 ||     5
       Invisible         |       |       |       |       |       |    12 |       |       ||    12
  Eat: Chunk             |       |     4 |     6 |    13 |     8 |     6 |     4 |     2 ||    43
       Pizza             |       |       |     7 |     4 |     2 |       |     2 |     1 ||    16
       Fruit             |       |       |     2 |       |       |     1 |       |       ||     3
       Beef jerky        |       |       |       |     3 |     4 |     2 |     2 |     1 ||    12
       Royal jelly       |       |       |       |     1 |     2 |     3 |       |       ||     6
       Meat ration       |       |       |       |       |     3 |     2 |     4 |     2 ||    11
       Bread ration      |       |       |       |       |     1 |     1 |       |       ||     2
Armor: Scale mail        |    21 |    57 |   192 |   280 |    46 |       |       |       ||   596
       Chain mail        |       |       |       |       |   636 |   827 |   693 |   421 ||  2577
       Gold dragon scale |       |       |       |       |       |       |       |   162 ||   162
Dodge: Dodged            |    13 |    37 |   131 |   212 |   390 |   568 |   582 |   518 ||  2451
       Deflected         |       |       |       |       |       |    26 |    32 |    22 ||    80
Block: Shield            |    41 |    68 |   237 |   619 |  1071 |  1247 |  1124 |   858 ||  5265
       Rpst.: Scimitar   |       |       |       |       |       |     4 |       |       ||     4
